 Dungeon Crawl Stone Soup version 0.27-a0-1137-g3ef0f4ec91 (webtiles) character file.

Game seed: 8981810475379192098

109 night the Slasher (level 4, -13/37 HPs)
             Began as a Djinni Monk on May 6, 2021.
             Was a Priest of Dithmenos.
             Splashed by Ijyb's acid (17 damage)
             ... on level 2 of the Dungeon.
             The game lasted 00:06:26 (3309 turns).

night the Slasher (Djinni Monk)                     Turns: 3309, Time: 00:06:27

Health: -13/37     AC:  0    Str: 10    XL:     4   Next: 89%
Gold:   123        EV: 13    Int: 12    God:    Dithmenos [***...] SH:  0 Dex: 16

rFire    + + .     SeeInvis .   a - +0 falchion
rCold    x . .     Faith    .   (no shield)
rNeg     . . .     Spirit   .   b - +0 robe
rPois    ∞         Reflect  .   d - +2 hat {Will+}
rElec    .         Harm     .   (no cloak)
rCorr    .         Rampage  .   (no gloves)
Will     +....                  (boots unavailable)
Stlth    ++........             (no amulet)
HPRegen  0.12/turn              (no ring)
MPRegen  0.00/turn              (no ring)

@: corroded, flying, wreathed by umbra
A: sickness immunity, fire resistance 2, cold vulnerability 1, float, innate
caster, hp casting, extra vitality 1
a: Renounce Religion, Shadow Step


You were on level 2 of the Dungeon.
You worshipped Dithmenos.
Dithmenos was most pleased with you.
You visited 1 branch of the dungeon, and saw 2 of its levels.

You collected 123 gold pieces.

Inventory:

Hand Weapons
 a - a +0 falchion (weapon)
Missiles
 c - 35 stones (quivered)
 g - 39 sling bullets
 h - 9 bolts
 i - 25 poisoned darts
 l - 7 boomerangs
Armour
 b - a +0 robe (worn)
 d - a +2 hat of willpower (worn)
Jewellery
 k - an amulet of faith
Scrolls
 e - a scroll of enchant weapon


   Skills:
 + Level 3.7 Fighting
 * Level 4.0 Long Blades
 - Level 3.2 Dodging
 + Level 1.6 Stealth
 + Level 1.4 Spellcasting


You had 4 spell levels left.
You knew the following spells:

 Your Spells              Type           Power      Damage    Failure   Level
a - Animate Skeleton      Necr           8%         N/A       16%         1
Your spell library was empty.

Dungeon Overview and Level Annotations

Branches:
Dungeon (2/15)

Altars:
Dithmenos

Annotations:
D:2 Ijyb


Innate Abilities, Weirdness & Mutations

You are immune to sickness and miasma.
You are immune to poison.
Your flesh is very heat resistant. (rF++)
You are vulnerable to cold. (rC-)
You float through the air rather than walking.
You learn spells naturally, not from books.
Your magical power is your life essence.
You have superior vitality. (+4 HP)


Message History

You feel strangely unstable. Ijyb barely misses you.
Ijyb completely misses you.
Your surroundings suddenly seem different.
There is an open door here.
You hear a shout!
There is a shadowy altar of Dithmenos here.
You reach down and close the door.
You start resting.
HP restored.
You reach down and open the door.
There is an open door here.
There is an open door here.
You see here a +0 robe.
A goblin is nearby!
You see here a +0 dagger.
The goblin shouts!
You hear a shout!
The goblin barely misses you.
The goblin shouts!
You hit the goblin.
The goblin is severely wounded.
The goblin barely misses you.
You closely miss the goblin.
The goblin is severely wounded.
The goblin misses you.
You riposte.
You slash the goblin!
You kill the goblin!
Dithmenos accepts your kill.
Ijyb zaps a wand.
The bolt of acid hits you!
You are splashed with acid!
Your Long Blades skill increases to level 4!
You are too injured to fight recklessly!
The goblin barely misses you.
You hit the goblin.
You kill the goblin!
Dithmenos accepts your kill. Ijyb hits you with a +0 club.
Things that are here:
a +0 club; a goblin corpse You miss Ijyb.
Ijyb zaps a wand.
The bolt of acid hits you!
* * * LOW HITPOINT WARNING * * *
The acid corrodes you!
You are splashed with acid!
You die...

#..## ##.## ##.## ##.#
##.# ##.## ##..###...#
#######
#.##.#..#########..)..#
.####.#.#.8.8.8.8..##.#
## #.###..........##.#
.####.# $.......).##[#
......# ..$...g@..##.#
.####.# $.........##.#
## #.###..........##.#
# #.#.#.8.8.8.8..##.#
#####...#############.#
..........# #........#
.###.....## #..#######
.####..>## #[.#
.......## #..#


You could see Ijyb.

Vanquished Creatures
  A gnoll (D:1)
  3 adders (D:2)
  2 worms (D:2)
  2 dart slugs (D:2)
  3 ball pythons (D:2)
  6 endoplasms
  A giant cockroach (D:2)
  6 goblins (D:2)
  7 hobgoblins
  6 jackals
  3 kobolds
  A quokka (D:1)
  2 bats (D:1)
  3 frilled lizards
  15 rats
61 creatures vanquished.

Vanquished Creatures (others)
  A goblin (D:2)
  4 toadstools (D:2)
5 creatures vanquished.

Grand Total: 66 creatures vanquished

Notes
Turn   | Place    | Note
-------+----------+-------------------------------------------
     0 | D:1      | night the Djinni Monk began the quest for the Orb.
     0 | D:1      | Reached XP level 1. HP: 20/20 MP: 0/0
    77 | D:1      | Identified a scroll of acquirement
    77 | D:1      | Acquired a +2 hat of willpower
   282 | D:1      | Reached XP level 2. HP: 25/25 MP: 0/0
   332 | D:1      | Reached skill level 3 in Long Blades
   357 | D:1      | You are sucked into a shaft and drop 1 floor!
   673 | D:2      | Reached XP level 3. HP: 30/30 MP: 0/0
   673 | D:2      | Learned a level 1 spell: Animate Skeleton
  1047 | D:1      | Reached skill level 1 in Spellcasting
  2013 | D:2      | Reached XP level 4. HP: 32/35 MP: 0/0
  2504 | D:2      | Found a faded altar of an unknown god.
  2508 | D:2      | Became a worshipper of Dithmenos the Shadowed
  2508 | D:2      | Reached * piety under Dithmenos
  2508 | D:2      | Reached ** piety under Dithmenos
  2588 | D:2      | Reached *** piety under Dithmenos
  2763 | D:2      | Noticed Ijyb
  2959 | D:2      | HP: 3/37 [Ijyb/+0 club (5)]
  3305 | D:2      | Reached skill level 4 in Long Blades
  3309 | D:2      | HP: 4/37 [Ijyb/bolt of acid (13)]
  3309 | D:2      | Splashed by Ijyb's acid

Illustrated notes

Levels and vault maps discovered:
D:1:      dpeg_arrival_rooms_b, layout_loops_corners
D:2:      kennysheep_the_goblin_king, layout_loops_ring,
          hellmonk_ecumenical_altar_inner_sanctum, minmay_gold_behind_fungi,
          minmay_rat_gold_closets

Skill      XL: |  1  2  3  4 |
---------------+-------------+-----
Long Blades    | 3 4 |  4.0
Spellcasting   | 1 |  1.4
Fighting       | |  3.7
Dodging        | |  3.2
Stealth        | |  1.6

Action                   |  1- 3 |  4- 6 || total
-------------------------+-------+-------++-------
Melee: Falchion          |    95 |   100 ||   195
 Cast: Animate Skeleton  |     1 |       ||     1
  Use: Scroll            |     3 |     1 ||     4
       Potion            |       |     1 ||     1
 Stab: Sleeping          |     9 |     5 ||    14
Armor: Robe              |    14 |    19 ||    33
Dodge: Dodged            |    54 |    64 ||   118
       Rpst.: Falchion   |    15 |    21 ||    36

Table legend: (Time is in decaauts)
 A = Elapsed time spent in this place.
 B = Non-inter-level travel time spent in this place.
 C = Inter-level travel time spent in this place.
 D = Time resting spent in this place.
 E = Time spent auto-exploring this place.
 F = Levels seen in this place.
 G = Mean time per level.
                   A        B        C        D        E       F      G
               +--------+--------+--------+--------+--------+-----+--------+
         Total |   3334 |   3305 |     29 |    654 |   2128 |   2 | 1667.0 |
       Dungeon |   3334 |   3305 |     29 |    654 |   2128 |   2 | 1667.0 |
               +--------+--------+--------+--------+--------+-----+--------+

Top non-repeatable levels by time:
     D:2: 1807 daAuts
     D:1: 1526 daAuts
